 Dungeon Crawl Stone Soup version 0.30.0-30-g96aa6591b8 (webtiles) character file.

Game seed: 8882157933589057387

251320 RivsDCSS the Slayer (level 18, -5/189 HPs)
             Began as a Minotaur Berserker on June 29, 2023.
             Was the Champion of Trog.
             Slain by an ettin
             ... wielding a +0 dire flail
              (21 damage)
             ... on level 1 of the Depths on June 30, 2023.
             The game lasted 03:16:35 (47636 turns).

RivsDCSS the Slayer (Minotaur Berserker)           Turns: 47636, Time: 03:16:35

Health: -5/189     AC: 29    Str: 33    XL:     18   Next: 93%
Magic:  17/17      EV: 16    Int:  4    God:    Trog [******]
Gold:   1158       SH: 26    Dex: 11    Spells: 17/17 levels left

rFire   + + +        t - +6 broad axe "Wovok" {flame, rF+}
rCold   + + .        Y - +5 kite shield {AC+3}
rNeg    . . .        O - +0 plate armour of Context {Dex+4}
rPois   .            E - +2 hat {Stlth+}
rElec   .            W - scarf {rC+ rF+}
rCorr   +            D - +0 pair of gloves
SInv    .            S - +0 pair of boots
Will    +....        j - amulet of reflection Stlth
                     w - ring of the Octopus King {rC+ HP+2 AC+2 EV+2 SH+2}
HPRegen 0.51/turn    g - ring "Huenoireoz" {rF+ rCorr EV+5 Str+3 Dex-3}
MPRegen 0.15/turn

%: reflection
@: about to teleport, afraid, invisible
A: horns 2, retaliatory headbutt
}: 2/15 runes: decaying, serpentine
a: Renounce Religion, Berserk, Trog's Hand, Brothers in Arms


You were on level 1 of the Depths.
You worshipped Trog.
Trog was exalted by your worship.
You visited 7 branches of the dungeon, and saw 33 of its levels.

You collected 3845 gold pieces.
You spent 2687 gold pieces at shops.

Inventory:

Hand Weapons
 t - the +6 broad axe "Wovok" (weapon) {flame, rF+}
   (Trog gifted it to you on level 3 of the Snake Pit)

   rF:        It protects you from fire.
 P - a +3 broad axe of freezing
Missiles
 a - 3 silver boomerangs (quivered)
 y - 12 curare-tipped darts
 Q - 4 javelins
 T - a throwing net
Armour
 l - a +2 cloak of willpower
 D - a +0 pair of gloves (worn)
 E - a +2 hat of stealth (worn)
 O - the +0 plate armour of Context (worn) {Dex+4}
   (You found it on level 2 of the Lair of Beasts)

   Dex:       It affects your dexterity (+4).
 S - a +0 pair of boots (worn)
 W - a scarf of resistance (worn)
 Y - a +5 kite shield of protection (worn)
Jewellery
 g - the ring "Huenoireoz" (right hand) {rF+ rCorr EV+5 Str+3 Dex-3}
   (You acquired it on level 7 of the Dungeon)

   [ring of evasion]

   EV:        It affects your evasion (+5).
   Str:       It affects your strength (+3).
   Dex:       It affects your dexterity (-3).
   rF:        It protects you from fire.
   rCorr:     It protects you from acid and corrosion.
 j - an amulet of reflection (around neck)
 w - a ring of the Octopus King (left hand) {rC+ HP+2 AC+2 EV+2 SH+2}
   (You found it on level 5 of the Lair of Beasts)

   [ring of protection from cold]

   AC:        It affects your AC (+2).
   EV:        It affects your evasion (+2).
   rC:        It protects you from cold.
   HP:        It affects your health (+2).
   SH:        It affects your SH (+2).
 M - a ring of see invisible
Wands
 c - a wand of charming (6)
 h - a wand of mindburst (3)
 J - a wand of polymorph (2)
 K - a wand of flame (17)
 X - a wand of iceblast (10)
Scrolls
 e - a scroll of silence
 f - 9 scrolls of fear
 i - 6 scrolls of immolation
 m - 9 scrolls of magic mapping
 o - 2 scrolls of enchant armour
 s - 4 scrolls of enchant weapon
 v - 5 scrolls of teleportation
 C - 5 scrolls of butterflies
 F - 4 scrolls of fog
 H - a scroll of brand weapon
 I - 5 scrolls of poison
 U - 4 scrolls of vulnerability
Potions
 b - 6 potions of might
 d - 15 potions of curing
 k - a potion of invisibility
 n - a potion of ambrosia
 p - 9 potions of mutation
 q - 5 potions of lignification
 r - 8 potions of attraction
 u - 2 potions of flight
 x - 2 potions of resistance
 z - 6 potions of heal wounds
 A - 5 potions of magic
 B - 2 potions of berserk rage
 L - 5 potions of haste
 N - 2 potions of cancellation


   Skills:
 + Level 22.7 Fighting
 - Level 18.0 Axes
 - Level 10.0 Throwing
 - Level 20.0 Armour
 - Level 2.1 Dodging
 + Level 19.8 Shields


You had 17 spell levels left.
You didn't know any spells.
Your spell library was empty.

Dungeon Overview and Level Annotations

Branches:
Dungeon (15/15)            Temple (1/1) D:4            Lair (5/5) D:10
  Swamp (4/4) Lair:3        Snake (4/4) Lair:3        Slime (0/5) Lair:5
    Orc (2/2) D:9             Elf (0/3) Orc:2        Vaults (0/5) D:14
 Depths (2/4) D:15

Altars:
Ashenzari
Cheibriados
Dithmenos
Elyvilon
Fedhas
Gozag
Hepliaklqana
Kikubaaqudgha
Makhleb
Nemelex Xobeh
Okawaru
Qazlal
Ru
Sif Muna
Trog
Uskayaw
Vehumet
Wu Jian
Xom
Yredelemnul
Zin
The Shining One
Jiyva

Shops:
D:7 ?   Orc:1 !**:?   Orc:2 ***[

Portals:
Trove: D:10 (give +7 demon trident)

Annotations:
D:5 1 runed translucent door, Crazy Yiuf
D:13 3 runed translucent doors, OceanMan's ghost, journeyman MiFi
Lair:3 3 runed translucent doors, Irhican's ghost, journeyman MiBe
Snake:1 1 transporter


Innate Abilities, Weirdness & Mutations

You have a pair of horns on your head.
You reflexively headbutt those who attack you in melee.


Message History

The jorogumo changes into an ice dragon!
The spark wasp bursts into living lightning!
The living lightning hits you.
The spark wasp blinks!
You block the spark wasp's attack.
You slash the spark wasp! You burn the spark wasp.
You kill the spark wasp!
Trog accepts your kill.
You hit the ice dragon but do no damage.
Your surroundings suddenly seem different.
A stone giant and an iron dragon come into view.
The stone giant shouts!
The iron dragon roars deafeningly!
You hear two shouts!
You block the iron dragon's attack. The iron dragon barely misses you.
You block the iron dragon's attack.
An ettin opens the door.
The stone giant throws a large rock.
The large rock hits you!!!
* * * LOW HITPOINT WARNING * * *
You hear a shout!
You feel much better. You block the iron dragon's attack. x3
You fade into invisibility!
A glowing orange brain comes into view.
You block the iron dragon's attack. x2
The iron dragon tramples you but does no damage.
The stone giant throws a large rock.
The large rock hits you!!
* * * LOW HITPOINT WARNING * * *
The glowing orange brain pulsates.
The glowing orange brain radiates an aura of fear!
You are terrified of the glowing orange brain!
The stone giant throws a large rock.
As you read the scroll of fear, it crumbles to dust.
You assume a fearsome visage.
The stone giant looks frightened!
The iron dragon resists with almost no effort.
The glowing orange brain resists with almost no effort.
The ettin easily resists.
The iron dragon bites you but does no damage.
The iron dragon claws you.
* * * LOW HITPOINT WARNING * * *
You block the iron dragon's attack.
As you read the scroll of teleportation, it crumbles to dust.
You feel strangely unstable. You block the ettin's attack.
The ettin hits you with a +0 dire flail!!
You die...

##.#
.####.##
. ##+##
######
##...##
.y...##
##.....##
......#
#....@D.#
D......
#.C.8C..#
#'##...
#.......#
.#
##.....##
.#
##^..##
.# ##G##
# ...
....
#....


You could see an iron dragon, a stone giant (unable to see you, fleeing), an
ettin (unable to see you) and a glowing orange brain (scary).

Vanquished Creatures
  the Lernaean hydra (Swamp:4)
  Nikola (Swamp:3)
  3 tentacled monstrosities
  Gastronok (Lair:1)
  A thorn hunter (Swamp:3)
  A frost giant (Depths:1)
  8 nagarajas
  2 fire giants (Depths:1)
  An orc warlord (Orc:2)
  6 stone giants
  3 bunyips
  An eleionoma (Swamp:3)
  3 spark wasps (Depths:1)
  A dire elephant (D:15)
  A merfolk impaler (Depths:2)
  2 fire dragons (Depths:1)
  A shambling mangrove (Swamp:3)
  Josephine (Lair:5)
  An ettin (Orc:2)
  2 rakshasas (Depths:1)
  Fannar (Orc:1)
  An entropy weaver (shapeshifter) (D:15)
  2 vault guards (D:14)
  4 salamander tyrants
  Erolcha (Orc:1)
  20 hydras
  3 ghost crabs
  3 ice dragons
  8 anacondas
  A merfolk avatar (Lair:5)
  2 catoblepae (Lair:5)
  4 centaur warriors
  A spriggan air mage (Depths:2)
  4 two-headed ogres
  3 tengu warriors
  4 boulder beetles
  An orc high priest (Orc:2)
  8 alligators
  Urug (D:11)
  21 naga warriors
  3 deep troll shamans (Depths:1)
  2 deep troll earth magi (Depths:1)
  3 hell hogs (Depths:1)
  12 death yaks
  7 shock serpents
  19 naga sharpshooters
  7 spriggans
  Nergalle (Lair:1)
  5 skysharks
  Amaemon (Lair:3)
  2 iron trolls (Depths:1)
  A goliath frog (Swamp:2)
  8 salamander mystics
  A death drake (Swamp:4)
  5 skeletal warriors (D:14)
  7 spriggan druids
  9 swamp dragons
  3 naga ritualists
  3 deep trolls (Depths:1)
  A sea snake (Lair:5)
  15 bog bodies
  A lindwurm (Lair:1)
  10 mana vipers
  3 necromancers (D:14)
  5 orc knights
  2 deep elf pyromancers (D:13)
  7 orc sorcerers
  2 wolf spiders (D:15)
  6 cyclopes
  6 will-o-the-wisps
  4 manticores
  28 ugly things
  25 salamanders
  An elephant (Lair:1)
  Joseph (Lair:1)
  9 naga magi
  33 black mambas
  A gargoyle (D:10)
  3 guardian serpents
  A torpor snail (Lair:3)
  An orange demon (Lair:3)
  12 cane toads
  5 komodo dragons
  A kobold demonologist (D:11)
  An unseen horror (D:11)
  5 rime drakes
  3 tengu conjurers (Depths:1)
  6 trolls
  A bloated husk (Swamp:2)
  5 hornets
  A wind drake (shapeshifter) (Depths:1)
  4 polar bears
  7 tyrant leeches
  A polar bear (shapeshifter) (D:13)
  8 saltlings (Orc:2)
  19 blink frogs
  6 dream sheep
  13 slime creatures
  2 vampires
  3 shadows
  6 wraiths
  4 centaur simulacra
  5 wyverns
  5 water elementals
  48 yaks
  20 humans (D:14)
  3 basilisks
  3 steam dragons
  15 vampire mosquitoes
  A redback simulacrum (D:13)
  13 swamp worms
  4 wargs
  61 nagas
  An acid dragon (D:10)
  17 water moccasins
  A meliai simulacrum (D:13)
  10 swamp drakes
  Duvessa (D:6)
  A sky beast (D:8)
  18 orc warriors
  7 ice beasts
  2 black bears
  6 wolves
  6 ogres
  A phantom (D:5)
  11 centaurs
  4 kobold brigands
  11 bullfrogs
  2 scorpions
  2 two-headed ogre simulacra (D:12)
  5 wights
  Dowan (D:6)
  15 killer bees
  3 electric eels
  4 howler monkeys (D:11)
  5 jellies
  6 orc priests
  3 gnoll boudas
  3 hounds
  6 iguanas
  15 orc wizards
  4 hell rats (Lair:2)
  A spriggan simulacrum (D:12)
  2 troll simulacra (D:12)
  2 polar bear simulacra (D:12)
  2 hound zombies (D:3)
  A boggart simulacrum (D:14)
  17 gnolls
  A naga simulacrum (D:12)
  10 adders
  A shadow imp (D:6)
  9 white imps
  3 ufetubi
  3 adder skeletons (D:3)
  7 dart slugs
  57 orcs
  4 bats
  13 endoplasms
  2 giant cockroaches
  7 goblins
  8 hobgoblins
  A jackal (D:3)
  3 quokkas
  5 ball pythons
  A frilled lizard (D:2)
  20 kobolds
  A quokka skeleton (D:3)
  3 rats
1044 creatures vanquished.

Vanquished Creatures (others)
  A salamander (Snake:2)
  A vampire (D:13)
  A swamp worm (Swamp:3)
  20 foxfires
23 creatures vanquished.

Grand Total: 1067 creatures vanquished

Notes
Turn   | Place    | Note
-------+----------+-------------------------------------------
     0 | D:1      | RivsDCSS the Minotaur Berserker began the quest for the
                  | Orb.
     0 | D:1      | Reached XP level 1. HP: 19/19 MP: 0/0
   386 | D:1      | Reached XP level 2. HP: 21/26 MP: 1/1
  1466 | D:2      | Reached skill level 5 in Axes
  1545 | D:2      | Reached XP level 3. HP: 26/31 MP: 2/2
  2075 | D:1      | Reached XP level 4. HP: 27/39 MP: 3/3
  2484 | D:2      | Found a shimmering blue altar of Sif Muna.
  2983 | D:3      | Reached ** piety under Trog
  3065 | D:3      | Reached XP level 5. HP: 41/45 MP: 4/4
  3143 | D:3      | Found a shimmering blue altar of Sif Muna.
  3192 | D:3      | Found a broken altar of Ashenzari.
  3271 | D:3      | Found a bloodstained altar of Trog.
  3428 | D:3      | Found a faded altar of an unknown god.
  3469 | D:3      | Found a sparkling altar of Nemelex Xobeh.
  3788 | D:4      | Found a staircase to the Ecumenical Temple.
  4149 | D:4      | Noticed a centaur
  4421 | D:4      | Identified the +1 sling of Keeping Instant Death {speed,
                  | MP+9 Str+2}
  4777 | D:5      | Entered Level 5 of the Dungeon
  4787 | D:5      | Reached XP level 6. HP: 32/51 MP: 5/5
  5102 | D:5      | Found a runed translucent door.
  5103 | D:5      | Noticed Crazy Yiuf
  5127 | D:5      | Noticed a water moccasin
  5144 | D:5      | Killed a water moccasin
  5656 | D:5      | Noticed a water moccasin
  5674 | D:5      | Killed a water moccasin
  5675 | D:5      | Reached skill level 10 in Axes
  5675 | D:5      | Reached XP level 7. HP: 40/57 MP: 6/6
  5760 | Temple   | Entered the Ecumenical Temple
  6124 | D:4      | Reached skill level 4 in Fighting
  6246 | D:5      | Found a blossoming altar of Fedhas.
  6314 | D:5      | Noticed a shadow
  6714 | D:6      | Reached skill level 5 in Fighting
  6715 | D:6      | Noticed Duvessa
  6723 | D:6      | Noticed Dowan
  6886 | D:4      | Reached XP level 8. HP: 69/69 MP: 7/7
  7152 | D:5      | Reached *** piety under Trog
  7153 | D:5      | Reached skill level 6 in Fighting
  7934 | D:5      | Reached skill level 7 in Fighting
  8083 | D:5      | Reached skill level 8 in Fighting
  8212 | D:6      | Reached XP level 9. HP: 81/82 MP: 8/8
  8243 | D:5      | Reached skill level 9 in Fighting
  8450 | D:7      | Found a glowing golden altar of the Shining One.
  8537 | D:7      | You fall into a shaft and drop 1 floor!
  8643 | D:8      | Reached skill level 10 in Fighting
  8853 | D:7      | Reached **** piety under Trog
  8941 | D:8      | Reached skill level 11 in Fighting
  9074 | D:7      | Found an ancient bone altar of Kikubaaqudgha.
  9268 | D:7      | Reached skill level 12 in Fighting
  9584 | D:7      | Found a glowing silver altar of Zin.
  9745 | D:7      | Found an iron altar of Okawaru.
 10119 | D:7      | Found Tionwecw's Magic Scroll Shop.
 10122 | D:7      | Bought a scroll of brand weapon for 133 gold pieces
 10122 | D:7      | Bought a scroll of identify for 28 gold pieces
 10122 | D:7      | Bought a scroll of teleportation for 42 gold pieces
 10122 | D:7      | Bought a scroll of identify for 28 gold pieces
 10122 | D:7      | Bought a scroll of identify for 28 gold pieces
 10128 | D:7      | Identified a scroll of acquirement
 10131 | D:7      | Acquired the ring "Huenoireoz" {rF+ rCorr EV+5 Str+3 Dex-3}
 10517 | D:8      | Reached skill level 13 in Fighting
 10754 | D:9      | Found a stormy altar of Qazlal.
 10754 | D:9      | Found a hide-covered altar of Uskayaw.
 10766 | D:9      | Reached XP level 10. HP: 90/101 MP: 9/9
 11193 | D:9      | Found a staircase to the Orcish Mines.
 11337 | D:8      | Reached skill level 14 in Fighting
 11454 | D:9      | Reached ***** piety under Trog
 11579 | D:10     | Entered Level 10 of the Dungeon
 11579 | D:10     | Noticed a death yak
 11618 | D:10     | Found a portal to a secret trove of treasure.
 11661 | D:10     | Noticed a gargoyle
 11747 | D:10     | Found a staircase to the Lair.
 11757 | D:10     | Noticed a death yak
 11758 | D:10     | Noticed a death yak
 11759 | D:10     | Noticed a death yak
 11759 | D:10     | Noticed a death yak
 11770 | D:10     | Noticed a death yak
 12165 | D:10     | Killed a gargoyle
 12166 | D:10     | Reached skill level 15 in Fighting
 12320 | D:10     | Noticed a death yak
 12337 | D:9      | Killed a death yak
 13355 | D:11     | Noticed Urug
 13634 | D:10     | Killed a death yak
 13635 | D:10     | Reached skill level 16 in Fighting
 13635 | D:10     | Reached XP level 11. HP: 60/114 MP: 10/10
 13834 | Orc:1    | Entered Level 1 of the Orcish Mines
 13834 | Orc:1    | Found Pawiah's Book Boutique.
 13912 | D:9      | Killed a death yak
 14084 | D:10     | Killed a death yak
 14153 | D:10     | Killed a death yak
 14445 | D:9      | Killed a death yak
 14553 | D:10     | Killed a death yak
 14554 | D:10     | Reached skill level 17 in Fighting
 14664 | Lair:1   | Entered Level 1 of the Lair of Beasts
 15041 | Lair:1   | Reached skill level 5 in Armour
 15158 | Lair:1   | Found a dark tunnel.
 15159 | Lair:1   | Noticed a lindwurm
 15205 | Lair:1   | Killed a lindwurm
 15330 | Lair:1   | Noticed Nergalle
 15345 | Lair:1   | Killed Nergalle
 15572 | Lair:1   | Noticed Gastronok
 15713 | Lair:1   | Reached XP level 12. HP: 125/125 MP: 11/11
 16109 | Lair:1   | Noticed Joseph
 16127 | Lair:1   | Killed Joseph
 16254 | Lair:1   | Reached skill level 10 in Armour
 16685 | Lair:2   | Found a sparkling altar of Nemelex Xobeh.
 17033 | Lair:2   | Identified the +0 plate armour of Context {Dex+4}
 17354 | Lair:2   | Reached skill level 1 in Throwing
 17364 | Lair:2   | Received a gift from Trog
 17617 | Lair:3   | Found a staircase to the Snake Pit.
 18164 | Lair:3   | Noticed Amaemon
 18200 | Lair:3   | Killed Amaemon
 18470 | Lair:3   | Reached skill level 5 in Throwing
 18610 | Lair:3   | Found a runed translucent gate.
 18610 | Lair:3   | Found a runed translucent gate.
 18611 | Lair:3   | Found a runed translucent gate.
 18612 | Lair:3   | Noticed Irhican's ghost (journeyman MiBe)
 18615 | Lair:3   | Found a viscous altar of Jiyva.
 18740 | Lair:3   | Found a staircase to the Swamp.
 19128 | Lair:4   | Reached XP level 13. HP: 104/132 MP: 12/12
 20414 | Lair:5   | Entered Level 5 of the Lair of Beasts
 21028 | Lair:5   | Received a gift from Trog
 21221 | Lair:5   | Found a staircase to the Slime Pits.
 21534 | Lair:5   | Reached skill level 15 in Armour
 21906 | Lair:5   | HP: 2/132 [cane toad (18)]
 22237 | Lair:5   | Noticed Josephine
 22484 | Lair:5   | Killed Josephine
 23369 | Lair:5   | Found the ring of the Octopus King
 23416 | Lair:5   | Identified a ring of the Octopus King {rC+ HP+2 AC+2 EV+2
                  | SH+2}
 23528 | Lair:5   | Reached XP level 14. HP: 140/140 MP: 13/13
 23635 | Lair:5   | Reached skill level 10 in Throwing
 24274 | Lair:1   | Killed Gastronok
 24464 | D:6      | Killed Duvessa
 24468 | D:6      | Killed Dowan
 24792 | D:11     | Killed Urug
 25323 | Orc:1    | Noticed Erolcha
 25346 | Orc:1    | Killed Erolcha
 25533 | Orc:1    | Found Ladutuatz's Magic Scroll Boutique.
 25617 | Orc:1    | Noticed Fannar
 25634 | Orc:1    | Killed Fannar
 25690 | Orc:1    | Found Ocwodgh's Assorted Antiques.
 25709 | Orc:1    | Found Kuinteda's Distillery.
 25817 | Orc:1    | Bought a potion of resistance for 120 gold pieces
 25817 | Orc:1    | Bought a potion of magic for 96 gold pieces
 25979 | Orc:1    | Found Tisoaj's Assorted Antiques.
 26013 | Orc:1    | Bought a scroll labelled GUEMPE ROUSEQ for 26 gold pieces
 26097 | Orc:2    | Entered Level 2 of the Orcish Mines
 26103 | Orc:2    | Paralysed by an orc sorcerer for 2 turns
 26627 | Orc:2    | Reached ****** piety under Trog
 26662 | Orc:2    | Found a staircase to the Elven Halls.
 26737 | Orc:2    | Received a gift from Trog
 27147 | Orc:2    | Found Atajaxiu's Antique Armour Boutique.
 27147 | Orc:2    | Paralysed by an orc sorcerer for 4 turns
 27151 | Orc:2    | Noticed an orc warlord
 27255 | Orc:1    | Paralysed by an orc sorcerer for 5 turns
 27357 | Orc:2    | Reached skill level 15 in Axes
 27447 | Orc:2    | Killed an orc warlord
 28980 | Orc:2    | Found Enuokh's General Store.
 28997 | Orc:2    | Found Ruloq's Assorted Antiques.
 28999 | Orc:2    | Found Bygofupo's Assorted Antiques.
 29004 | Orc:2    | Bought a scroll of teleportation for 93 gold pieces
 29006 | Orc:2    | Bought a scroll of brand weapon for 294 gold pieces
 29203 | Orc:2    | Bought a glowing plate armour for 572 gold pieces
 29895 | D:12     | Received a gift from Trog
 30542 | D:13     | Reached skill level 1 in Shields
 30674 | D:13     | Found a runed translucent gate.
 30674 | D:13     | Found a runed translucent gate.
 30675 | D:13     | Found a runed translucent gate.
 30679 | D:13     | Noticed OceanMan's ghost (journeyman MiFi)
 30682 | D:13     | Found an iron altar of Okawaru.
 30750 | D:13     | Found a stormy altar of Qazlal.
 30821 | D:13     | Reached XP level 15. HP: 135/147 MP: 14/14
 31590 | D:14     | Reached skill level 5 in Shields
 31671 | D:14     | Received a gift from Trog
 31693 | D:14     | Found a shimmering altar of Xom.
 31695 | D:14     | Found a shimmering altar of Xom.
 31695 | D:14     | Found a shimmering altar of Xom.
 31696 | D:14     | Found a shimmering altar of Xom.
 31697 | D:14     | Found a shimmering altar of Xom.
 31698 | D:14     | Found a shimmering altar of Xom.
 32384 | D:14     | Found a gate to the Vaults.
 32384 | D:14     | Found the +3 Mad Mage's Maulers {Infuse+∞ VampMP -Cast}
 32625 | D:14     | Found an ornate altar of the Wu Jian Council.
 32809 | D:15     | Entered Level 15 of the Dungeon
 33055 | D:15     | Reached skill level 10 in Shields
 33062 | D:15     | Received a gift from Trog
 33447 | D:15     | Found a staircase to the Depths.
 34008 | Snake:1  | Entered Level 1 of the Snake Pit
 34498 | Snake:1  | Noticed a nagaraja
 34498 | Snake:1  | Noticed a nagaraja
 34501 | Snake:1  | Found a transporter.
 34509 | Snake:1  | Found a shimmering blue altar of Sif Muna.
 34885 | Snake:1  | Reached XP level 16. HP: 139/155 MP: 15/15
 35592 | Snake:2  | Found a white marble altar of Elyvilon.
 36291 | Snake:2  | Received a gift from Trog
 37223 | Snake:3  | Reached skill level 18 in Fighting
 38467 | Snake:3  | Identified the +6 broad axe "Wovok" {flame, rF+} (Trog
                  | gifted it to you on level 3 of the Snake Pit)
 38467 | Snake:3  | Received a gift from Trog
 38720 | Snake:4  | Entered Level 4 of the Snake Pit
 39472 | Snake:4  | Reached XP level 17. HP: 132/166 MP: 16/16
 39581 | Snake:4  | Reached skill level 15 in Shields
 39728 | Snake:4  | Reached skill level 19 in Fighting
 40057 | Snake:4  | Received a gift from Trog
 41025 | Snake:4  | Got a serpentine rune of Zot
 41215 | Snake:4  | Identified the +11 demon trident "Qosephimm" {heavy, Dex+4
                  | Stlth+} (Trog gifted it to you on level 4 of the Snake Pit)
 41215 | Snake:4  | Received a gift from Trog
 41602 | Swamp:1  | Entered Level 1 of the Swamp
 41616 | Swamp:1  | Reached skill level 20 in Fighting
 41657 | Lair:3   | Acquired 737 gold pieces
 41760 | Orc:1    | Bought a scroll of magic mapping for 112 gold pieces
 41760 | Orc:1    | Bought a scroll of silence for 142 gold pieces
 41760 | Orc:1    | Bought a scroll of identify for 30 gold pieces
 41760 | Orc:1    | Bought a scroll of enchant weapon for 112 gold pieces
 41760 | Orc:1    | Bought a scroll of identify for 30 gold pieces
 41760 | Orc:1    | Bought a scroll of fear for 60 gold pieces
 41801 | Orc:1    | Bought a scroll of identify for 52 gold pieces
 41801 | Orc:1    | Bought a potion of curing for 78 gold pieces
 41801 | Orc:1    | Bought a potion of curing for 78 gold pieces
 41801 | Orc:1    | Bought a scroll of enchant weapon for 195 gold pieces
 41851 | Orc:2    | Bought a potion of haste for 260 gold pieces
 41851 | Orc:2    | Bought a scroll of teleportation for 78 gold pieces
 43433 | Swamp:3  | Noticed Nikola
 43505 | Swamp:2  | Identified the +9 executioner's axe of the Spinneret
                  | {flame, rC+ Dex+2 Stlth+} (Trog gifted it to you on level 2
                  | of the Swamp)
 43505 | Swamp:2  | Received a gift from Trog
 44241 | Swamp:3  | Killed Nikola
 44242 | Swamp:3  | Reached XP level 18. HP: 180/180 MP: 17/17
 44504 | Swamp:3  | Found a shimmering altar of Xom.
 44641 | Swamp:4  | Entered Level 4 of the Swamp
 44955 | Swamp:3  | Reached skill level 21 in Fighting
 45228 | Swamp:4  | Noticed the 27-headed Lernaean hydra
 45236 | Swamp:4  | Killed the 26-headed Lernaean hydra
 45327 | Swamp:4  | Noticed a tentacled monstrosity
 45332 | Swamp:4  | Killed a tentacled monstrosity
 45531 | Swamp:4  | Got a decaying rune of Zot
 45583 | Swamp:4  | Received a gift from Trog
 46613 | Depths:1 | Entered Level 1 of the Depths
 46695 | Depths:1 | Reached skill level 22 in Fighting
 47060 | Depths:1 | You fall into a shaft and drop 1 floor!
 47278 | Depths:1 | Received a gift from Trog
 47396 | Depths:1 | Found a glowing golden altar of the Shining One.
 47562 | Depths:1 | Noticed a tentacled monstrosity
 47570 | Depths:1 | Killed a tentacled monstrosity
 47588 | Depths:1 | Noticed a tentacled monstrosity
 47593 | Depths:1 | Killed a tentacled monstrosity
 47636 | Depths:1 | Slain by an ettin

Illustrated notes

Levels and vault maps discovered:
D:1:      dpeg_arrival_rooms_b, layout_basic
D:2:      layout_basic, basic_altar, serial_rivers,
          chequers_serial_rivers_small_3, chequers_serial_rivers_small_b,
          chequers_serial_rivers_small_3, chequers_serial_rivers_small_3,
          hangedman_decor_opposing
D:3:      layout_basic, nemelex_dance_club_becter, led_sif_pool,
          lemuel_round_altar, mainiacjoe_overflow_catwalk,
          shapermc_ecumenical_altar_petra, serial_undead, serial_undead_b,
          serial_undead_a, serial_undead_f, serial_undead_c, minmay_quantized
D:4:      layout_basic, minmay_temple_entry_mini_moons, serial_forest,
          infiniplex_forest_straight_4, infiniplex_forest_clump_small,
          infiniplex_forest_clump_double, infiniplex_forest_end_2,
          kennysheep_cross_bottleneck, grunt_decor_arrowhead, st_stairs_2,
          lightli_corner_chamber
D:5:      layout_layer_cave, fedhas_altar_decomposition, uniq_crazy_yiuf_cottage
D:6:      layout_loops_ring, minmay_joined_circles, uniq_duvessa
D:7:      layout_rooms, zin_scriptorium, mainiacjoe_overflow_chevrons,
          kennysheep_okawaru_gauntlet, mainiacjoe_overflow_surrounded_room,
          serial_shops, nicolae_shop_rolled_up
D:8:      layout_cave_pools
D:9:      layout_rooms, nicolae_overflow_two_pavilions,
          minmay_orc_entry_temple_small
D:10:     layout_rooms, dpeg_lair_monsters, nicolae_trove_entry_crystal
D:11:     layout_roguey, uniq_urug
D:12:     layout_irregular_city, portal_ice_cave_entry_ice_simulacra,
          dreamdust_princess_corridor, minivault_16
D:13:     layout_cave_pools, serial_ice, serial_ice_b, serial_ice_n,
          serial_ice_e, serial_ice_j, gammafunk_ghost_fury_of_okawaru,
          nicolae_qazlal_eye_of_the_storm
D:14:     layout_long_grid, grunt_vaults_entry_tiered, serial_ice, serial_ice_k,
          serial_ice_a, serial_ice_o, serial_ice_c, serial_ice_f, serial_ice_b,
          serial_ice_h, serial_ice_m, serial_ice_d, serial_ice_g,
          nzn_wu_jian_council_hall, grunt_ministairs_7, minmay_liquid_box,
          xom_shifter_show
D:15:     hangedman_depths_entry_try_elsewhere_first, layout_rooms,
          hangedman_decor_peaks_small
Temple:   jpeg_temple_clearing
Lair:1:   layout_regular_city, nicolae_volcano_entry_vermiform,
          minmay_shattered_shrine, uniq_joseph, uniq_gastronok, uniq_nergalle
Lair:2:   layout_cave_pods, basic_altar
Lair:3:   statuecave_lemuel, layout_misc_corridors, minmay_swamp_entry_worms,
          minmay_snake_entry_guardpost_small, gammafunk_ghost_ooze, uniq_amaemon
Lair:4:   layout_concentric_octagons, bobbens_ice_dragon_lair
Lair:5:   gammafunk_lair_ancient_temple, layout_cave_pods,
          nicolae_slime_entry_slimehenge, chequers_serial_rivers_large_b,
          minmay_lindwurm_lava, uniq_josephine
Swamp:1:  nicolae_swamp_tree_isthmus, layout_basic_swamp, serial_swamp_ruin,
          evilmike_swamp_ruin_house_1, evilmike_swamp_ruin_rubble_1
Swamp:2:  layout_falls_marsh, evilmike_swamp_ruin_house_3
Swamp:3:  layout_basic_swamp, basic_altar, uniq_nikola
Swamp:4:  grunt_swamp_rune_castle, layout_basic_swamp, swamp_pool2
Snake:1:  gammafunk_sealed_library, layout_honeycomb,
          hangedman_snake_wide_pillar_pass
Snake:2:  layout_misc_corridors, basic_altar
Snake:3:  layout_misc_corridors
Snake:4:  minmay_snake_end_coiled, layout_rooms, st_stairs_9, drop_trap,
          nicolae_snake_guarding_the_ruins
Orc:1:    layout_caves, serial_shops, nicolae_shop_tiny_waterfront, shop, shop,
          nicolae_shop_waterfront, shop, uniq_fannar, uniq_erolcha
Orc:2:    hellmonk_orc_salted, layout_caves
Depths:1: cheibrodos_spurs, layout_cave_shapes, grunt_metal_band,
          nicolae_tso_carved_into_rock, hangedman_blasphemy
Depths:2: nzn_winding_woodlands_cross [nzn_winding_woodlands_5x15_garden,
          nzn_winding_woodlands_5x15_pathside_ponds,
          nzn_winding_woodlands_5x15_split_checker,
          nzn_winding_woodlands_5x15_cabin,
          nzn_winding_woodlands_15x15_killbox], layout_twisted_cross,
          minivault_14, rand_demon_pan_entry_3, pf_coc_iceberg,
          nicolae_specific_store

Skill      XL: |  1  2  3  4  5  6  7  8  9 10 11 12 13 14 15 16 17 18 |
---------------+-------------------------------------------------------+-----
Axes           | 4 5 6 8 10 12 13 14 17 18 | 18.0
Fighting       | 5 8 13 16 17 18 20 22 | 22.7
Armour         | 9 13 16 17 18 19 20 | 20.0
Throwing       | 5 9 10 | 10.0
Shields        | 2 12 14 17 19 | 19.8
Dodging        | |  2.1

Action                     |  1- 3 |  4- 6 |  7- 9 | 10-12 | 13-15 | 16-18 || total
---------------------------+-------+-------+-------+-------+-------+-------++-------
  Melee: Dagger            |    78 |   143 |       |       |       |       ||   221
         Hand axe          |     9 |    75 |   294 |   609 |   818 |       ||  1805
         Headbutt          |    13 |    34 |    47 |   154 |   361 |   307 ||   916
         Punch             |       |     2 |     1 |     6 |    19 |       ||    28
         Broad axe         |       |       |       |       |   506 |  1265 ||  1771
  Throw: Dart              |       |       |     5 |       |     1 |       ||     6
         Boomerang         |       |       |       |     7 |     8 |     7 ||    22
         Javelin           |       |       |       |       |     4 |     6 ||    10
 Invoke: Trog's Hand       |       |     1 |       |     1 |     1 |       ||     3
         Berserk           |       |       |       |     2 |     2 |     3 ||     7
  Evoke: Wand              |       |       |       |       |     2 |     1 ||     3
    Use: Scroll            |       |     7 |     9 |     6 |     9 |    16 ||    47
         Potion            |       |       |       |     1 |     3 |     6 ||    10
   Stab: Sleeping          |     1 |     1 |       |       |       |       ||     2
         Confused          |       |       |       |       |       |     2 ||     2
         Distracted        |       |       |       |       |       |     1 ||     1
 Armour: Animal skin       |    10 |     7 |       |       |       |       ||    17
         Scale mail        |       |    44 |   102 |   127 |   180 |       ||   453
         Plate armour      |       |       |       |       |   254 |   331 ||   585
         Swamp dragon scal |       |       |       |       |       |    31 ||    31
  Dodge: Dodged            |    51 |    97 |   143 |   355 |   715 |   464 ||  1825
  Block: Other             |       |       |       |       |    44 |       ||    44
         Kite shield       |       |       |       |       |    50 |  1110 ||  1160
         Reflection        |       |       |       |       |       |    70 ||    70
